 Dungeon Crawl Stone Soup version 0.18-b1-14-g029dad2 (webtiles) character file.

4228 inmateoo the Spear-Bearer (level 10, -5/73 HPs)
             Began as a Merfolk Ice Elementalist on Apr 30, 2016.
             Was a Priest of Okawaru.
             Slain by a hill giant
             ... wielding a +0 giant spiked club
              (28 damage)
             ... on level 10 of the Dungeon.
             The game lasted 00:18:46 (9179 turns).

inmateoo the Spear-Bearer (MfIE)                    Turns: 9179, Time: 00:18:47

Health: -5/73      AC: 19    Str: 11    XL:     10   Next: 30%
Magic:  16/16      EV: 14    Int: 13    God:    Okawaru [***...]
Gold:   338        SH:  2    Dex: 15    Spells: 2 memorised, 14 levels left

rFire  + . .     SeeInvis .     q - +0 halberd
rCold  . . .     Gourm    .     u - +4 ring mail of Mental Paralysis {rN+}
rNeg   + + .     Faith    .     (shield currently unavailable)
rPois  .         Spirit   .     D - +0 helmet
rElec  .         Dismiss  .     x - +1 cloak (curse)
rCorr  +         Reflect  +     p - +2 pair of gloves
SustAt .         Harm     .     z - +0 pair of boots
MR     .....                    o - +2 amulet of reflection
Stlth  +.........               K - ring of resist corrosion
                                I - ring of positive energy

@: not resistant to hostile enchantments, very unstealthy
A: change form in water, swift swim, slimy green scales 1, dopey 1, fire
resistance 1, frail 1, MP-powered wands
a: Heroism, Renounce Religion


You were on level 10 of the Dungeon.
You worshipped Okawaru.
Okawaru was most pleased with you.
You were not hungry.

You visited 1 branch of the dungeon, and saw 10 of its levels.

You collected 525 gold pieces.
You spent 187 gold pieces at shops.

Inventory:

Hand Weapons
 g - a +1 whip
 q - a +0 halberd (weapon)
 v - a +0 spear
 y - a +0 trident
Armour
 p - a +2 pair of gloves (worn)
 u - the +4 ring mail of Mental Paralysis (worn) {rN+}
   (You found it on level 7 of the Dungeon)

   It protects you from negative energy.
 x - a cursed +1 cloak (worn)
 z - a +0 pair of boots (worn)
 D - a +0 helmet (worn)
 F - the +1 buckler of the Iron City of Dis {Int+4, unknown}
   (You found it on level 6 of the Dungeon)

   It affects your intelligence (+4).
 H - a +1 pair of gloves of archery
Jewellery
 o - a +2 amulet of reflection (around neck)
 I - a ring of positive energy (left hand)
 K - a ring of resist corrosion (right hand)
Wands
 a - a wand of iceblast (9/15)
 w - a wand of flame (19/48)
 J - a wand of slowing (9/48)
Scrolls
 d - a scroll of blinking
 e - 6 scrolls of remove curse
 s - 4 scrolls of teleportation
 B - a scroll of magic mapping
 E - a scroll of enchant weapon
 G - 5 scrolls of identify
Potions
 f - a potion of might
 h - 2 potions of invisibility
 i - a potion of lignification
 n - 6 potions of curing
 t - a potion of magic
 A - a potion of cancellation
 C - 2 potions of brilliance
 L - a potion of mutation {unknown}
Books
 b - a book of Frost

   Spells                             Type                      Level
   a - Freeze                         Ice                          1
   b - Throw Frost                    Conjuration/Ice              2
   c - Ozocubu's Armour               Charms/Ice                   3
   d - Throw Icicle                   Conjuration/Ice              4
   e - Summon Ice Beast               Ice/Summoning                4
 M - a book of Transfigurations

   Spells                             Type                      Level
   a - Irradiate                      Conjuration/Transmutation    5
   b - Statue Form                    Transmutation/Earth          6
   c - Hydra Form                     Transmutation                6
   d - Dragon Form                    Transmutation                7
Comestibles
 c - 3 bread rations
 j - 2 slices of pizza
 k - 10 royal jellies
 l - 6 beef jerkies
 m - 4 fruits
 r - 4 meat rations


   Skills:
 + Level 8.4 Fighting
 * Level 12.4 Polearms
 + Level 2.7 Armour
 + Level 7.5 Dodging
 - Level 2.1 Stealth
 + Level 4.1 Spellcasting
 - Level 0.7 Conjurations
 - Level 3.2 Ice Magic
 + Level 3.3 Invocations


You had 14 spell levels left.
You knew the following spells:

 Your Spells              Type           Power        Failure   Level  Hunger
a - Freeze                Ice            ##..         14%         1    None
b - Throw Frost           Conj/Ice       #.....       30%         2    ##.....


Dungeon Overview and Level Annotations

Branches:
Dungeon (10/15)            Temple (0/1) D:7            Lair (0/8) D:10
    Orc: D:9-12

Altars:
Ashenzari
Dithmenos
Kikubaaqudgha
Makhleb
Nemelex Xobeh
Okawaru
Pakellas
Ru
Vehumet
The Shining One
Beogh

Shops:
D:8 (:?}

Annotations:
D:2 Terence


Innate Abilities, Weirdness & Mutations

You revert to your normal form in water.
You are very nimble and swift while swimming.
You are partially covered in slimy green scales (AC +2).
You are dopey. (Int -2)
Your flesh is heat resistant.
You are frail (-10% HP).
You expend magic power (3 MP) to strengthen your wands.


Message History

You slash the hill giant!
The hill giant is lightly wounded.
The hill giant closely misses you.
You hit the hill giant.
The hill giant is moderately wounded.
You hit the hill giant.
The hill giant is moderately wounded.
The hill giant hits you with a giant spiked club!
You slash the hill giant!
The hill giant is heavily wounded.
The hill giant hits you but does no damage.
You barely miss the hill giant.
The hill giant is heavily wounded.
You barely miss the hill giant.
The hill giant is heavily wounded.
The hill giant hits you with a giant spiked club!!
You hit the hill giant.
The hill giant is heavily wounded.
The hill giant hits you with a giant spiked club!!
You die...

... #.# # #.#
# #. #.# .#
#.##.##.#
#.#.#.# #..C#
#######@####
......<....#
#.#######.##.#
#.# #.##.# #.#
#.##.# #.# ###
#.##.# #.# #..
..##.#######.
#.# #.#
####.........
#.# #.#
#.#########


You could see a hill giant.

Vanquished Creatures
  5 yaks (D:10)
  A soldier ant (D:8)
  2 porcupines (D:10)
  2 sky beasts
  2 wasps (D:8)
  2 black bears
  An ice beast (D:8)
  2 phantoms
  2 ogres
  6 centaurs
  A big kobold (D:7)
  A gnoll sergeant (D:4)
  A wyvern zombie (D:8)
  A giant frog (D:6)
  A scorpion (D:6)
  A wight (D:10)
  A howler monkey (D:6)
  6 crimson imps
  2 jellies
  An orc wizard (D:4)
  4 hounds
  A quasit (D:7)
  2 centaur skeletons (D:4)
  3 orc priests (D:4)
  5 iguanas
  A hell rat (D:10)
  5 worker ants
  2 hound zombies
  A hound skeleton (D:3)
  14 adders
  15 gnolls
  An ooze (D:7)
  4 worms
  4 giant geckos
  29 orcs
  8 giant cockroaches
  11 goblins
  6 hobgoblins
  5 jackals
  5 quokkas
  4 ball pythons
  10 bats
  A giant gecko skeleton (D:6)
  7 giant newts
  A jackal zombie (D:5)
  14 kobolds
  A quokka skeleton (D:4)
  6 rats
211 creatures vanquished.

Vanquished Creatures (others)
  A hippogriff (D:6)
1 creature vanquished.

Grand Total: 212 creatures vanquished

Notes
Turn   | Place    | Note
--------------------------------------------------------------
     0 | D:1      | inmateoo the Merfolk Ice Elementalist began the quest for the Orb.
     0 | D:1      | Reached XP level 1. HP: 13/13 MP: 3/3
   415 | D:1      | Reached XP level 2. HP: 19/20 MP: 0/5
   416 | D:1      | Reached skill level 1 in Fighting
   909 | D:1      | Reached XP level 3. HP: 23/27 MP: 1/6
  1198 | D:2      | Noticed Terence
  1528 | D:2      | Reached XP level 4. HP: 32/34 MP: 2/7
  2032 | D:3      | Found a glowing golden altar of the Shining One.
  2369 | D:3      | Reached XP level 5. HP: 38/41 MP: 4/8
  2370 | D:3      | Reached skill level 5 in Dodging
  2438 | D:3      | Found a radiant altar of Vehumet.
  2526 | D:3      | Found a shadowy altar of Dithmenos.
  3403 | D:3      | Reached XP level 6. HP: 37/48 MP: 4/9
  3887 | D:3      | Reached skill level 1 in Polearms
  3998 | D:4      | Reached skill level 2 in Polearms
  4099 | D:4      | Reached skill level 3 in Polearms
  4134 | D:4      | Reached skill level 5 in Fighting
  4249 | D:4      | Found a shattered altar of Ashenzari.
  4265 | D:4      | Reached XP level 7. HP: 56/56 MP: 10/10
  4278 | D:4      | Reached skill level 4 in Polearms
  4375 | D:4      | Found a roughly hewn altar of Beogh.
  4599 | D:4      | Reached skill level 5 in Polearms
  4904 | D:4      | Reached skill level 6 in Polearms
  4981 | D:5      | Entered Level 5 of the Dungeon
  5132 | D:5      | Reached skill level 7 in Polearms
  5132 | D:5      | Reached XP level 8. HP: 55/64 MP: 8/11
  5177 | D:5      | Gained mutation: You are partially covered in slimy green scales (AC +2). [mutagenic meat]
  5178 | D:5      | Gained mutation: You expend magic power (3 MP) to strengthen your wands. [mutagenic meat]
  5179 | D:5      | Gained mutation: You are dopey. (Int -2) [mutagenic meat]
  5180 | D:5      | Gained mutation: Your flesh is heat resistant. [mutagenic meat]
  5181 | D:5      | Gained mutation: You are frail (-10% HP). [mutagenic meat]
  5280 | D:5      | Found a burning altar of Makhleb.
  5408 | D:5      | Found a sparkling altar of Nemelex Xobeh.
  5441 | D:5      | Found an ancient bone altar of Kikubaaqudgha.
  5662 | D:6      | Reached skill level 8 in Polearms
  5803 | D:6      | Found an oddly glowing altar of Pakellas.
  5803 | D:6      | Noticed an orange crystal statue
  5915 | D:6      | Reached skill level 9 in Polearms
  5998 | D:6      | Learned a level 2 spell: Throw Frost
  6177 | D:6      | Found an iron altar of Okawaru.
  6177 | D:6      | Found a shadowy altar of Dithmenos.
  6182 | D:6      | Got a fine buckler
  6257 | D:6      | Became a worshipper of Warmaster Okawaru
  6312 | D:7      | Got a pitted ring mail
  6325 | D:7      | Reached skill level 10 in Polearms
  6336 | D:7      | Identified the +4 ring mail of Mental Paralysis {rN+} (You found it on level 7 of the Dungeon)
  6425 | D:7      | Reached XP level 9. HP: 59/64 MP: 12/12
  6442 | D:7      | Found a staircase to the Ecumenical Temple.
  6450 | D:7      | Reached skill level 1 in Armour
  7000 | D:8      | Found Wanewo's Gadget Shoppe.
  7053 | D:8      | Found Huhah's Book Emporium.
  7115 | D:8      | Reached * piety under Okawaru
  7305 | D:8      | Found Osotisyo's Antique Weapon Shoppe.
  7341 | D:8      | Reached skill level 11 in Polearms
  7341 | D:8      | Reached skill level 1 in Invocations
  7727 | D:8      | Found Zargh's Magic Scroll Shoppe.
  7732 | D:8      | Bought a scroll of identify for 22 gold pieces
  7732 | D:8      | Bought a scroll of identify for 22 gold pieces
  7732 | D:8      | Bought a scroll of identify for 22 gold pieces
  7732 | D:8      | Bought a scroll of identify for 22 gold pieces
  7732 | D:8      | Bought a scroll of identify for 22 gold pieces
  7732 | D:8      | Bought a scroll of identify for 22 gold pieces
  7732 | D:8      | Bought a scroll of identify for 22 gold pieces
  7732 | D:8      | Bought a scroll of teleportation for 33 gold pieces
  8054 | D:9      | Found a sacrificial altar of Ru.
  8220 | D:9      | Reached ** piety under Okawaru
  8490 | D:10     | Entered Level 10 of the Dungeon
  8566 | D:10     | Found a staircase to the Lair.
  8670 | D:10     | Reached XP level 10. HP: 61/72 MP: 15/15
  8834 | D:10     | Reached skill level 12 in Polearms
  8848 | D:10     | Reached *** piety under Okawaru
  9168 | D:10     | Noticed a hill giant
  9179 | D:10     | Slain by a hill giant

Skill      XL: |  1  2  3  4  5  6  7  8  9 10 |
---------------+-------------------------------+-----
Dodging        | 3 4 5 6 7 |  7.5
Fighting       | 2 3 4 5 6 7 8 |  8.4
Polearms       | 3 7 10 11 12 | 12.4
Armour         | 2 |  2.7
Spellcasting   | 3 4 |  4.1
Invocations    | 2 3 |  3.3
Stealth        | |  2.1
Conjurations   | |  0.7
Ice Magic      | |  3.2

Action                   |  1- 3 |  4- 6 |  7- 9 | 10-12 || total
-------------------------+-------+-------+-------+-------++-------
Melee: Whip              |    40 |    46 |       |       ||    86
       Halberd           |       |    24 |   428 |    84 ||   536
       Spear             |       |    23 |       |       ||    23
 Cast: Freeze            |    52 |   141 |    12 |       ||   205
       Throw Frost       |       |       |     3 |       ||     3
  Use: Scroll            |     4 |     8 |     8 |       ||    20
       Potion            |       |       |     2 |       ||     2
 Stab: Sleeping          |       |     3 |     7 |       ||    10
  Eat: Chunk             |     2 |    13 |    21 |     2 ||    38
Armor: Robe              |     8 |    38 |    38 |       ||    84
       Skin              |       |       |    51 |       ||    51
       Ring mail         |       |       |    80 |    14 ||    94
Dodge: Dodged            |    64 |   155 |   244 |    25 ||   488
Block: Other             |       |     8 |    29 |     1 ||    38
       Reflection        |       |       |     2 |       ||     2
